 Dungeon Crawl Stone Soup version 0.28-a0-1286-g6bde065e89 (webtiles) character file.

Game seed: 5572237098282852444

24 Zonian the Gusty (level 3, 0/19 HPs)
             Began as a Tengu Air Elementalist on Dec 27, 2021.
             Was a Plaything of Xom.
             Succumbed to an adder's poison
             ... on level 2 of the Dungeon.
             The game lasted 00:01:19 (851 turns).

Zonian the Gusty (Tengu Air Elementalist)            Turns: 851, Time: 00:01:20

Health: 0/19       AC:  4    Str:  6 (8)  XL:     3   Next: 2%
Magic:  0/7        EV: 12    Int: 16 (17) God:    Xom [..*...]
Gold:   22         SH:  0    Dex: 12 (14) Spells: 5/6 levels left

rFire   . . .      SeeInvis .   (no weapon)
rCold   . . .      Faith    .   (no shield)
rNeg    . . .      Spirit   .   a - +0 robe
rPois   .          Reflect  .   f - +2 hat
rElec   .          Harm     .   (no cloak)
rCorr   .          Rampage  .   (no gloves)
Will    .....                   (boots unavailable)
Stlth   ++........              (no amulet)
HPRegen 0.06/turn               (no ring)
MPRegen 0.10/turn               (no ring)

@: lethally poisoned (0 -> -7), invisible
A: beak, talons 3
a: Renounce Religion


You were on level 2 of the Dungeon.
You worshipped Xom.
You were a toy of Xom.
You visited 1 branch of the dungeon, and saw 2 of its levels.

You collected 22 gold pieces.

Inventory:

Armour
 a - a +0 robe (worn)
 f - a +2 hat (worn)
Jewellery
 h - a +6 ring of dexterity
Scrolls
 b - a scroll of teleportation {unknown}
 e - a scroll of identify {unknown}
 g - a scroll of enchant weapon {unknown}
Potions
 d - a potion of invisibility


   Skills:
 + Level 2.5 Dodging
 + Level 2.3 Stealth
 + Level 2.2 Spellcasting
 + Level 2.0 Conjurations
 + Level 4.3 Air Magic


You had 5 spell levels left.
You knew the following spells:

 Your Spells              Type           Power      Damage    Failure   Level
a - Shock                 Conj/Air       48%        1d6       5%          1

Your spell library contained the following spells:

 Spells                   Type           Power      Damage    Failure   Level
 Static Discharge         Conj/Air       12%        N/A       9%          2
 Swiftness                Air            15%        N/A       11%         3
 Airstrike                Air            7%         N/A       34%         4
 Lightning Bolt           Conj/Air       6%         1d18      83%         5
 Maxwell's Capacitive Co  Air            7%         ∞         100%        8


Dungeon Overview and Level Annotations

Branches:
Dungeon (2/15)

Altars:
Xom


Innate Abilities, Weirdness & Mutations

You have a beak for a mouth.
You have claws for feet.


Message History

You are poisoned.
The adder poisons you!
The zap misses the adder.
You feel sick. The adder closely misses you. The adder barely misses you.
Unknown command.
The zap hits the adder.
The adder is severely wounded.
You feel sick. The adder bites you but does no damage.
Unknown command.
You barely miss the adder.
The adder is severely wounded.
You feel sick. The adder misses you.
You miss the adder.
The adder is severely wounded.
You feel sick. The adder barely misses you. The adder closely misses you.
You hit the adder but do no damage.
The adder is severely wounded.
You feel sick.
You are no longer poisoned.
The adder bites you.
You are poisoned.
The adder poisons you!
You hit the adder but do no damage.
The adder is severely wounded.
You feel sick. The adder bites you.
* * * LOW HITPOINT WARNING * * *
You are lethally poisoned!
The adder poisons you!
Unknown command.
It was a potion of invisibility.
You fade into invisibility!
* * * LOW HITPOINT WARNING * * *
You feel sick. The adder completely misses you. The adder bites you.
* * * LOW HITPOINT WARNING * * *
Unknown command.
It was a potion of degeneration.
There was something very wrong with that liquid.
You feel weakened.
You feel dopey.
You feel clumsy.
You die...
Xom thinks this is hilarious!

.. . .# ##.# .## ...#
...# ##...## ... #..#..#
#.###@# #.# #######
#...#S###.###.....##
#.....#.##.......##
##..#.#...........#
#..##..)..........#
#.######..........#
...r.......# ##.........#
....>.......# #.........#
.............###.......##


You could see an adder.

Vanquished Creatures
  2 dart slugs (D:2)
  2 endoplasms
  2 goblins (D:1)
  2 hobgoblins (D:1)
  2 jackals (D:1)
  A kobold (D:1)
  5 ball pythons (D:1)
  2 rats
18 creatures vanquished.

Notes
Turn   | Place    | Note
-------+----------+-------------------------------------------
     0 | D:1      | Zonian the Tengu Air Elementalist began the quest for the
                  | Orb.
     0 | D:1      | Reached XP level 1. HP: 10/10 MP: 4/4
   403 | D:1      | Reached XP level 2. HP: 15/15 MP: 4/6
   565 | D:1      | Found a faded altar of an unknown god.
   681 | D:1      | Prayed at the altar of an unknown god.
   681 | D:1      | Became a worshipper of Xom of Chaos
   741 | D:1      | XOM: divination: detect items
   805 | D:2      | XOM: silly message
   835 | D:2      | Reached XP level 3. HP: 19/19 MP: 4/7
   851 | D:2      | Succumbed to an adder's poison

Illustrated notes

Levels and vault maps discovered:
D:1:      minmay_arrival_three_doors, layout_rooms,
          hellmonk_ecumenical_altar_run_dry, st_stairs_8
D:2:      layout_rooms

Skill      XL: |  1  2 |
---------------+-------+-----
Conjurations   | 2 |  2.0
Dodging        | |  2.5
Stealth        | |  2.3
Spellcasting   | |  2.2
Air Magic      | |  4.3

Action                   || total
-------------------------++-------
Melee: Unarmed           ||     6
       Peck              ||     2
 Cast: Shock             ||    36
  Use: Potion            ||     2
Armor: Robe              ||     2
Dodge: Dodged            ||     6

Table legend: (Time is in decaauts)
 A = Elapsed time spent in this place.
 B = Non-inter-level travel time spent in this place.
 C = Inter-level travel time spent in this place.
 D = Time resting spent in this place.
 E = Time spent auto-exploring this place.
 F = Levels seen in this place.
 G = Mean time per level.
                   A        B        C        D        E       F      G
               +--------+--------+--------+--------+--------+-----+--------+
         Total |    850 |    832 |     18 |     65 |    616 |   2 |  425.0 |
       Dungeon |    850 |    832 |     18 |     65 |    616 |   2 |  425.0 |
               +--------+--------+--------+--------+--------+-----+--------+

Top non-repeatable levels by time:
     D:1: 759 daAuts
     D:2: 91 daAuts
